[Event "Titled Tuesday Blitz September 20 Late 2022"]
[White "Oro, Faustino"]
[Black "Babazada, Khazar"]
[WhiteFideId "20000197"]
[BlackFideId "13413554"]
[WhiteElo "1838"]
[BlackElo "2409"]
[Result "0-1"]
[Round "01"]
[TimeControl "180+1"]
[Date "2022.09.20"]
[WhiteClock "0:00:13"]
[BlackClock "0:01:58"]

1. e4 g6 2. d4 Bg7 3. Nc3 d6 4. f4 a6 5. Nf3 b5 6. Bd3 Bb7 7. O-O e6 8. Be3 Nf6 9. e5 Nd5 10. Nxd5 Bxd5 11. Qe2 O-O 12. Nd2 Nc6 13. c3 Ne7 14. Ne4 Nf5 15. Bf2 h5 16. Rfe1 f6 17. exf6 Bxf6 18. Nxf6+ Qxf6 19. Be4 c6 20. Qd3 Rae8 21. b3 Bxe4 22. Rxe4 d5 23. Re5 Nd6 24. Bh4 Qf7 25. Rae1 Ne4 26. Bg5 Kg7 27. Qe3 Qd7 28. g3 Rf5 29. Bh4 Rxe5 30. fxe5 Rf8 31. Bg5 Rf5 32. Bh6+ Kh7 33. Rf1 Qf7 34. Rxf5 Qxf5 35. h4 Nxg3 36. Qxg3 Kxh6 37. Qe3+ g5 38. Kg2 Kg6 39. c4 Qg4+ 40. Kf1 Qxh4 41. Qd3+ Qe4 42. Qh3 Qf5+ 0-1


[Site "https://www.chess.com"]

[Event "Titled Tuesday Blitz September 20 Late 2022"]
[White "Pert, Richard G"]
[Black "Zhigalko, Sergei"]
[WhiteFideId "404748"]
[BlackFideId "13502956"]
[WhiteElo "2441"]
[BlackElo "2662"]
[Result "0-1"]
[Round "01"]
[TimeControl "180+1"]
[Date "2022.09.20"]
[WhiteClock "0:00:08"]
[BlackClock "0:00:05"]

1. d4 Nf6 2. Bg5 d5 3. e3 Nbd7 4. Nf3 b6 5. c4 e6 6. cxd5 exd5 7. Nc3 Bb7 8. Bd3 Be7 9. O-O O-O 10. Rc1 Ne4 11. Bf4 c5 12. dxc5 Ndxc5 13. Nd4 Bf6 14. Nxe4 dxe4 15. Bb5 Rc8 16. Nf5 Nd3 17. Rxc8 Bxc8 18. Nd6 Nxf4 19. exf4 Bg4 20. Qd2 Bxb2 21. h3 Ba3 22. Nxe4 Bf5 23. Qe3 Qe7 24. Ng3 Qxe3 25. fxe3 Be6 26. f5 Bd5 27. Rd1 Ba8 28. Kf1 Bc5 29. e4 a5 30. a4 Be3 31. Bc4 Bf4 32. Ne2 Be5 33. Bd5 Rd8 34. Kf2 Kf8 35. Ke3 Ke7 36. Rd3 Bxd5 37. exd5 Kd6 38. Ke4 Re8 39. Kf3 Rc8 40. g4 Rc4 41. Rb3 Rb4 42. Rxb4 axb4 43. Ke4 b3 44. Kd3 Kxd5 45. g5 b2 46. Kc2 Ke4 47. f6 gxf6 48. Ng3+ Bxg3 49. gxf6 Be5 0-1


[Site "https://www.chess.com"]

[Event "Titled Tuesday Blitz September 20 Late 2022"]
[White "Petrovic, Aleksa"]
[Black "Shimanov, Aleksandr"]
[WhiteFideId "967629"]
[BlackFideId "4198603"]
[WhiteElo "2262"]
[BlackElo "2605"]
[Result "0-1"]
[Round "01"]
[TimeControl "180+1"]
[Date "2022.09.20"]
[WhiteClock "0:00:41"]
[BlackClock "0:02:18"]

1. d4 d5 2. c4 e6 3. Nf3 Nf6 4. Nc3 dxc4 5. e3 a6 6. a4 b6 7. Bxc4 Bb7 8. O-O Bb4 9. Qe2 O-O 10. Bd3 c5 11. dxc5 Bxc5 12. Rd1 Qe7 13. b3 Nc6 14. Bb2 Nb4 15. Bc4 e5 16. Nxe5 Qxe5 17. Nd5 Qg5 18. f4 Qg6 19. f5 Qg5 0-1


[Site "https://www.chess.com"]

[Event "Titled Tuesday Blitz September 20 Late 2022"]
[White "Rasulov, Vugar"]
[Black "Cukrowski, Filip"]
[WhiteFideId "13402390"]
[BlackFideId "1171097"]
[WhiteElo "2509"]
[BlackElo "2093"]
[Result "0-1"]
[Round "01"]
[TimeControl "180+1"]
[Date "2022.09.20"]
[WhiteClock "0:00:30"]
[BlackClock "0:00:27"]

1. c4 Nf6 2. Nc3 e5 3. g3 d5 4. cxd5 Nxd5 5. Bg2 Nb6 6. Nf3 Nc6 7. O-O Be7 8. d3 O-O 9. Be3 Be6 10. a3 f6 11. Rc1 Qd7 12. Ne4 Bh3 13. b4 Bxg2 14. Kxg2 Nd5 15. Bc5 a6 16. Qb3 Kh8 17. Bxe7 Ndxe7 18. Nc5 Qc8 19. Qe6 b6 20. Qxc8 Rfxc8 21. Nb3 a5 22. b5 a4 23. Nbd2 Na5 24. d4 exd4 25. Nxd4 Nb7 26. Ne6 Nd6 27. Nxc7 Ra7 28. Ne6 Nxb5 29. Rxc8+ Nxc8 30. Rc1 Ncd6 31. Nc4 Nxc4 32. Rxc4 Kg8 33. Nd4 Nxa3 34. Rb4 b5 35. Kf3 Rc7 36. Rb2 Rb7 37. Rb4 Rc7 38. Rb2 Rb7 39. Nc6 Nc4 40. Rb4 a3 41. Rb1 Nd2+ 42. Ke3 Nxb1 0-1


[Site "https://www.chess.com"]

[Event "Titled Tuesday Blitz September 20 Late 2022"]
[White "Rustemov, Alexander"]
[Black "Sztokbant, Bernardo Vainzoff"]
[WhiteFideId "4119002"]
[BlackFideId "2115956"]
[WhiteElo "2841"]
[BlackElo "2172"]
[Result "1-0"]
[Round "01"]
[TimeControl "180+1"]
[Date "2022.09.20"]
[WhiteClock "0:00:36"]
[BlackClock "0:00:10"]

1. d4 d5 2. c4 dxc4 3. Nf3 Nf6 4. e3 e6 5. Bxc4 c5 6. O-O Nc6 7. Qe2 cxd4 8. Rd1 Be7 9. exd4 O-O 10. Nc3 Nb4 11. Bg5 b6 12. Ne5 Bb7 13. Nxf7 Rxf7 14. Bxe6 Qf8 15. Re1 Re8 16. Bxf6 gxf6 17. a3 Nc6 18. Rad1 Kh8 19. Bxf7 Qxf7 20. d5 Ne5 21. f4 Ng6 22. d6 Nxf4 23. Qxe7 Rxe7 24. dxe7 Bc6 25. Rd8+ Kg7 26. e8=Q Bxe8 27. Rdxe8 Kh6 28. g3 Nd3 29. R1e6 Nc5 30. Re2 Qd7 31. R8e3 Qd4 32. Kg2 a5 33. Ne4 Qd5 34. Kg1 Nxe4 35. Rxe4 Kg6 36. Rg4+ Kf7 37. Rf4 Qc5+ 38. Ref2 Kg7 39. Rxf6 Qe3 40. Rf7+ Kg6 41. Rf6+ Kg7 42. Rf3 Qe1+ 43. Kg2 Qe4 44. h3 Qd5 45. Kh2 Qe4 46. Rf4 Qe3 47. Rg4+ Kh6 48. Rf6+ Kh5 49. Rgf4 Qd2+ 50. Rf2 Qd4 51. R2f5# 1-0


[Site "https://www.chess.com"]

[Event "Titled Tuesday Blitz September 20 Late 2022"]
[White "Sernecki, Franciszek"]
[Black "Kamsky, Gata"]
[WhiteFideId "1169297"]
[BlackFideId "2000024"]
[WhiteElo "2168"]
[BlackElo "2666"]
[Result "0-1"]
[Round "01"]
[TimeControl "180+1"]
[Date "2022.09.20"]
[WhiteClock "0:00:07"]
[BlackClock "0:01:02"]

1. c4 Nf6 2. Nc3 e6 3. e4 d6 4. g3 g6 5. Bg2 c5 6. Nge2 Bg7 7. O-O Nc6 8. a3 O-O 9. Rb1 Nd7 10. b4 Rb8 11. d3 b6 12. Be3 Bb7 13. d4 cxd4 14. Nxd4 Nde5 15. Nxc6 Bxc6 16. Qb3 Rc8 17. Ne2 Bb7 18. Rbc1 Ba6 19. b5 Bb7 20. Rfd1 Qc7 21. Bd4 Rfd8 22. Bxe5 dxe5 23. Rxd8+ Rxd8 24. Qc3 Bf8 25. a4 Bc5 26. Kf1 Qd6 27. Bf3 a5 28. Kg2 h5 29. h4 Kg7 30. Ng1 Qd2 31. Qxe5+ f6 32. Qxe6 Qxc1 33. e5 Bxf3+ 34. Nxf3 Rf8 35. exf6+ Rxf6 36. Qe7+ Bxe7 0-1


[Site "https://www.chess.com"]

[Event "Titled Tuesday Blitz September 20 Late 2022"]
[White "Shuvalov, Evgenij"]
[Black "Xiong, Jeffery"]
[WhiteFideId "4187237"]
[BlackFideId "2047640"]
[WhiteElo "2033"]
[BlackElo "2714"]
[Result "0-1"]
[Round "01"]
[TimeControl "180+1"]
[Date "2022.09.20"]
[WhiteClock "0:00:29"]
[BlackClock "0:00:25"]

1. d4 d5 2. c4 e6 3. cxd5 exd5 4. Nc3 c6 5. Nf3 Nf6 6. Bg5 h6 7. Bh4 g5 8. Bg3 Bf5 9. Qb3 Qb6 10. Ne5 Na6 11. e4 Nxe4 12. Bxa6 Qxa6 13. Nxe4 Bxe4 14. f3 Bf5 15. Kf2 Qb6 16. Rhe1 Be7 17. Ng4 Qxb3 18. axb3 Bxg4 19. fxg4 Kd7 20. Be5 f6 21. Bg3 f5 22. gxf5 Rhf8 23. Kg1 Rxf5 24. Be5 a6 25. Re3 Raf8 26. Rh3 Rf2 27. Rxh6 Rxb2 28. Bg3 Rxb3 29. Re1 Rf7 30. Rh8 a5 31. Ra8 Bb4 32. Rd1 Rb2 33. h3 Bd6 34. Bxd6 Kxd6 35. Rxa5 Rff2 36. g4 Rg2+ 37. Kh1 Rh2+ 38. Kg1 Rxh3 39. Ra8 Rg3+ 40. Kh1 Rxg4 41. Rd8+ Kc7 42. Rg8 Rb4 43. Rg7+ Kb6 44. Rf1 Rbxd4 45. Rff7 Kc5 46. Rxb7 Rd3 47. Kh2 Rh4+ 48. Kg2 Rg4+ 49. Kf2 Rf4+ 50. Ke2 Rg3 51. Rg6 Rg2+ 52. Ke3 d4+ 53. Kd3 Rf3+ 54. Ke4 Re3+ 55. Kf5 Rf2+ 56. Kg4 Rf4+ 57. Kxg5 Rg3+ 58. Kxf4 Rxg6 59. Ke4 Rg3 60. Rd7 Re3+ 61. Kf4 Kc4 62. Ra7 c5 63. Ra4+ Kd5 64. Ra8 Re1 65. Rd8+ Kc4 66. Kf3 Kd3 67. Kf2 Re2+ 68. Kf1 Re3 69. Kf2 c4 70. Rc8 c3 71. Rc7 c2 72. Rc6 Kd2 73. Rc4 d3 74. Rc5 Re2+ 75. Kf3 c1=Q 76. Rxc1 Kxc1 77. Kf4 d2 78. Kf3 d1=Q 79. Kg3 Qg1+ 80. Kh3 Rh2# 0-1


[Site "https://www.chess.com"]

[Event "Titled Tuesday Blitz September 20 Late 2022"]
[White "Sjugirov, Sanan"]
[Black "Miszler, Levente"]
[WhiteFideId "4189302"]
[BlackFideId "763276"]
[WhiteElo "2609"]
[BlackElo "1966"]
[Result "1-0"]
[Round "01"]
[TimeControl "180+1"]
[Date "2022.09.20"]
[WhiteClock "0:01:04"]
[BlackClock "0:00:04"]

1. e4 e6 2. d4 d5 3. Nd2 f5 4. exf5 exf5 5. Ngf3 Nf6 6. Bd3 Bd6 7. O-O O-O 8. c4 c6 9. Ne5 Ng4 10. Ndf3 Nd7 11. cxd5 Ndxe5 12. dxe5 Nxe5 13. Nxe5 Bxe5 14. dxc6 bxc6 15. Re1 Qc7 16. h3 Bb7 17. Qb3+ Kh8 18. Rxe5 Qxe5 19. Qxb7 Qe1+ 20. Bf1 Rad8 21. Bh6 Qe5 22. Re1 Qf6 23. Re6 Rf7 24. Rxf6 Rxb7 25. Bg5 Rc8 26. Rxf5 Rxb2 27. Bc4 h6 28. Be3 Rc2 29. Bb3 Rb2 30. Bxa7 Rd8 31. Bc5 Re2 32. Rf8+ Rxf8 33. Bxf8 Re1+ 34. Kh2 Rc1 35. Ba3 Re1 36. Bb4 Rc1 37. Bd2 Rb1 38. Be3 Rb2 39. Kg3 Kh7 40. Kf3 Kg6 41. Ke4 Kf6 42. Bd4+ 1-0


[Site "https://www.chess.com"]

[Event "Titled Tuesday Blitz September 20 Late 2022"]
[White "Svane, Rasmus"]
[Black "Lopez Gracia, Fernando"]
[WhiteFideId "4657101"]
[BlackFideId "2207184"]
[WhiteElo "2674"]
[BlackElo "2521"]
[Result "1-0"]
[Round "01"]
[TimeControl "180+1"]
[Date "2022.09.20"]
[WhiteClock "0:00:29"]
[BlackClock "0:01:15"]

1. Nf3 d5 2. g3 Nd7 3. d4 Nb6 4. Nc3 Bf5 5. Nh4 Bg4 6. h3 Bh5 7. Qd3 e6 8. e4 Be7 9. exd5 exd5 10. Nf5 Bf6 11. Bf4 Bg6 12. Nb5 Rc8 13. Nxa7 Bxf5 14. Qxf5 Ne7 15. Qd3 Rb8 16. Nb5 Na8 17. Bg2 O-O 18. O-O Rc8 19. Rfe1 c6 20. Nd6 Rc7 21. Nf5 Rd7 22. c3 Nb6 23. Re2 Nxf5 24. Qxf5 Nc4 25. Rae1 g6 26. Qd3 Qa8 27. b3 Nd6 28. h4 Qa6 29. Qf3 Bg7 30. h5 Ne4 31. h6 Bh8 32. Qe3 Bf6 33. f3 Nd6 34. Bg5 Nf5 35. Qf4 Bxg5 36. Qxg5 f6 37. Qf4 Qd3 38. Bh3 Qxc3 39. Bxf5 gxf5 40. Kg2 Qb4 41. Qxf5 Rdf7 42. Qf4 c5 43. dxc5 Qxc5 44. Re8 Qc2+ 45. R1e2 Qc6 46. Qg4+ Kh8 47. Rxf8+ Rxf8 48. Qg7# 1-0


[Site "https://www.chess.com"]

[Event "Titled Tuesday Blitz September 20 Late 2022"]
[White "Szalay, Karoly"]
[Black "Martinez Alcantara, Jose Eduardo"]
[WhiteFideId "2600544"]
[BlackFideId "3805662"]
[WhiteElo "2534"]
[BlackElo "2703"]
[Result "0-1"]
[Round "01"]
[TimeControl "180+1"]
[Date "2022.09.20"]
[WhiteClock "0:00:14"]
[BlackClock "0:00:51"]

1. e4 c5 2. Nf3 d6 3. d4 cxd4 4. Nxd4 Nf6 5. Nc3 Nc6 6. Bg5 e6 7. f3 h6 8. Be3 h5 9. Bg5 Be7 10. Qd2 a6 11. O-O-O Bd7 12. Kb1 Nxd4 13. Qxd4 Bc6 14. Bc4 Qa5 15. h4 Qc5 16. Qxc5 dxc5 17. e5 Nd7 18. Bf4 O-O-O 19. Bd3 Nb6 20. Be4 Rxd1+ 21. Rxd1 Bxe4 22. Nxe4 Nd5 23. Bg5 f6 24. Bc1 b5 25. a4 Kc7 26. axb5 axb5 27. Re1 f5 28. Ng5 Bxg5 29. Bxg5 Ra8 30. c3 Kc6 31. Kc2 c4 32. Rd1 f4 33. Rd4 Rf8 34. Kd2 Rf5 35. Re4 Kc5 36. Ke2 Rf7 37. Kd2 Rf8 38. Kc2 Kc6 39. Kd2 Kb7 40. Kc2 Ka6 41. b3 Kb6 42. bxc4 bxc4 43. Kd2 Kc5 44. Kc2 Ra8 45. Bxf4 Ra2+ 46. Kc1 Rxg2 47. Be3+ Kb5 48. Bd4 g5 49. hxg5 Rxg5 50. Rh4 Ne7 51. f4 Rf5 52. Be3 Ng6 53. Rh3 Kc6 54. Kd2 Kd5 55. Rf3 Nxe5 56. Rh3 Ng4 57. Bd4 Ke4 58. Rh1 Kxf4 59. Re1 e5 60. Bb6 h4 61. Bc7 h3 62. Rf1+ Ke4 63. Rg1 Rf4 64. Ke2 h2 65. Rh1 Rf2+ 66. Ke1 Ra2 67. Kf1 Kf3 0-1


[Site "https://www.chess.com"]

[Event "Titled Tuesday Blitz September 20 Late 2022"]
[White "Tari, Aryan"]
[Black "Bellissimo, Joseph F."]
[WhiteFideId "1510045"]
[BlackFideId "2609843"]
[WhiteElo "2612"]
[BlackElo "2061"]
[Result "1-0"]
[Round "01"]
[TimeControl "180+1"]
[Date "2022.09.20"]
[WhiteClock "0:01:00"]
[BlackClock "0:01:36"]

1. e4 e6 2. d4 d5 3. Nc3 Nf6 4. e5 Nfd7 5. Nce2 c5 6. c3 Nc6 7. f4 Qb6 8. Nf3 cxd4 9. cxd4 Bb4+ 10. Kf2 f6 11. Be3 O-O 12. g3 fxe5 13. fxe5 Ndxe5 14. dxe5 Rxf3+ 15. Kxf3 Nxe5+ 16. Kg2 Qxe3 17. Qd4 Qf3+ 18. Kg1 Ba5 19. Qxe5 Bd2 20. h4 Bd7 21. Bg2 Be3+ 22. Kh2 Qxe2 23. Rae1 1-0


[Site "https://www.chess.com"]

[Event "Titled Tuesday Blitz September 20 Late 2022"]
[White "Terry, Renato"]
[Black "Hnydiuk, Aleksander"]
[WhiteFideId "3803457"]
[BlackFideId "1109057"]
[WhiteElo "2577"]
[BlackElo "2374"]
[Result "1-0"]
[Round "01"]
[TimeControl "180+1"]
[Date "2022.09.20"]
[WhiteClock "0:00:28"]
[BlackClock "0:00:01"]

1. e4 Nf6 2. e5 Nd5 3. c4 Nb6 4. d4 d6 5. exd6 exd6 6. Nc3 Be7 7. Bd3 O-O 8. Nge2 Bg4 9. O-O Nc6 10. h3 Bh5 11. f4 Bxe2 12. Nxe2 Bf6 13. Be3 Re8 14. Bf2 d5 15. c5 Nc4 16. Qc2 Nb4 17. Qc3 Nxd3 18. Qxd3 Nxb2 19. Qf3 Nc4 20. Rfd1 c6 21. Rab1 Re7 22. Ng3 g6 23. f5 Bg5 24. Qg4 Be3 25. fxg6 fxg6 26. Rf1 Qd7 27. Qh4 Rae8 28. Bxe3 Nxe3 29. Rf3 Nc2 30. Rbf1 Re1 31. Rf2 Rxf1+ 32. Nxf1 Ne3 33. Nh2 Nf5 34. Qf4 Re4 35. Qb8+ Kg7 36. Ng4 h5 37. Ne5 Qe7 38. g4 hxg4 39. hxg4 Nxd4 40. Rf7+ Qxf7 41. Nxf7 Kxf7 42. Qxb7+ Ke6 43. Qc8+ Ke5 44. Qc7+ Kf6 45. Qd8+ Ke5 46. Qg5+ Ke6 47. Qxg6+ Ke7 48. Qd6+ Kf7 49. g5 Nf3+ 50. Kg2 Nxg5 51. Qxc6 Rg4+ 52. Kf1 1-0


[Site "https://www.chess.com"]

[Event "Titled Tuesday Blitz September 20 Late 2022"]
[White "Urbina Perez, Juan Antonio"]
[Black "Hansen, Eric"]
[WhiteFideId "2217368"]
[BlackFideId "2606771"]
[WhiteElo "2197"]
[BlackElo "2568"]
[Result "0-1"]
[Round "01"]
[TimeControl "180+1"]
[Date "2022.09.20"]
[WhiteClock "0:00:11"]
[BlackClock "0:00:05"]

1. d4 Nf6 2. Nf3 e6 3. g3 d5 4. Bg2 Be7 5. O-O c6 6. c4 dxc4 7. a4 O-O 8. Ne5 c5 9. dxc5 Bxc5 10. Qxd8 Rxd8 11. Nxc4 Nc6 12. Nc3 Bd7 13. Bf4 Be8 14. Rfd1 h6 15. h3 g5 16. Bc7 Rxd1+ 17. Rxd1 Rc8 18. Bd6 Bxd6 19. Nxd6 Rb8 20. Ncb5 Bd7 21. Ne4 Nxe4 22. Bxe4 Be8 23. Bxc6 bxc6 24. Nd6 Kf8 25. Rc1 Bd7 26. Nc4 f6 27. Rc2 c5 28. Ne3 Bxa4 29. Rxc5 Rxb2 30. Rc7 Rxe2 31. Ng4 f5 32. Nxh6 a6 33. h4 gxh4 34. gxh4 Re4 35. Nf7 Rg4+ 36. Kh2 Rxh4+ 37. Kg3 Rg4+ 38. Kf3 Ke8 39. Ne5 Bd1+ 40. Ke3 Re4+ 41. Kd2 Rxe5 42. Kxd1 a5 43. Ra7 Rd5+ 44. Ke2 e5 45. f3 Kd8 46. Ke3 Kc8 47. Rf7 f4+ 48. Ke2 Kb8 49. Rh7 a4 50. Rh1 Ra5 51. Ra1 a3 52. Kd3 a2 53. Kc3 Kc7 54. Kb3 Kd6 55. Rxa2 Rxa2 56. Kxa2 e4 57. fxe4 f3 0-1


[Site "https://www.chess.com"]

[Event "Titled Tuesday Blitz September 20 Late 2022"]
[White "Yanchenko, Roman"]
[Black "Rangel, Daniel"]
[WhiteFideId "4137329"]
[BlackFideId "2124475"]
[WhiteElo "2514"]
[BlackElo "2225"]
[Result "1-0"]
[Round "01"]
[TimeControl "180+1"]
[Date "2022.09.20"]
[WhiteClock "0:00:30"]
[BlackClock "0:00:02"]

1. d4 Nf6 2. c4 g6 3. Nf3 Bg7 4. Nc3 O-O 5. Bf4 d6 6. e3 Nbd7 7. Be2 b6 8. O-O Bb7 9. h3 Ne4 10. Nxe4 Bxe4 11. Qb3 c5 12. Rfd1 Qc8 13. Rac1 h6 14. a4 g5 15. Bg3 f5 16. Nd2 Bb7 17. d5 Nf6 18. f4 Qe8 19. Rf1 Nh5 20. Bh2 gxf4 21. Bxh5 Qxh5 22. Bxf4 Kh8 23. a5 Rg8 24. axb6 Bf6 25. Rf3 axb6 26. Rcf1 Rab8 27. e4 Bd4+ 28. Be3 Bxe3+ 29. Qxe3 fxe4 30. Nxe4 Rg7 31. Ng3 Qg6 32. R1f2 Rbg8 33. Kh2 Bc8 34. b3 h5 35. Qf4 Qg5 36. Qxg5 Rxg5 37. Ne4 Re5 38. Rf4 Bd7 39. Rh4 b5 40. Ng3 bxc4 41. bxc4 Rg7 42. Nxh5 Rgg5 43. Nf6+ Kg7 44. Nxd7 Re3 45. Nf8 Rge5 46. Ne6+ Kg6 47. Rg4+ Kh6 48. Rf8 Kh7 49. Rg7+ Kh6 50. Rh8# 1-0


[Site "https://www.chess.com"]

[Event "Titled Tuesday Blitz September 20 Late 2022"]
[White "Yi, Richard"]
[Black "Livaic, Leon"]
[WhiteFideId "2079518"]
[BlackFideId "14531534"]
[WhiteElo "2147"]
[BlackElo "2540"]
[Result "0-1"]
[Round "01"]
[TimeControl "180+1"]
[Date "2022.09.20"]
[WhiteClock "0:00:24"]
[BlackClock "0:00:39"]

1. Nf3 Nf6 2. c4 b6 3. d4 e6 4. a3 Bb7 5. Nc3 Ne4 6. Qc2 Nxc3 7. Qxc3 Be7 8. g3 a5 9. Bd2 O-O 10. Bg2 a4 11. O-O d6 12. Rac1 Nd7 13. Ne1 Bxg2 14. Nxg2 e5 15. e3 Bf6 16. Qd3 Re8 17. Bc3 g6 18. Rfd1 Qe7 19. Bb4 exd4 20. exd4 Qe2 21. Rc2 Qxd3 22. Rxd3 Rad8 23. Ne3 c5 24. Bc3 Kg7 25. Kg2 Nb8 26. Nd5 Bxd4 27. Bxd4+ cxd4 28. Nxb6 Nc6 29. Nxa4 Re4 30. c5 Ne5 31. Rdd2 d3 32. Rc3 Rxa4 33. c6 Rc8 34. c7 Rc4 35. Rb3 R8xc7 36. f4 Rc2 0-1


[Site "https://www.chess.com"]

[Event "Titled Tuesday Blitz September 20 Late 2022"]
[White "Zhao, Erick"]
[Black "Vykouk, Jan"]
[WhiteFideId "30946930"]
[BlackFideId "349658"]
[WhiteElo "2465"]
[BlackElo "2352"]
[Result "1-0"]
[Round "01"]
[TimeControl "180+1"]
[Date "2022.09.20"]
[WhiteClock "0:00:55"]
[BlackClock "0:00:14"]

1. e4 c5 2. Nf3 d6 3. d4 cxd4 4. Qxd4 a6 5. e5 Nc6 6. Qa4 e6 7. Bg5 Qb6 8. Nbd2 d5 9. Be3 Qxb2 10. Rb1 Qa3 11. Qxa3 Bxa3 12. Bb6 Be7 13. c4 Nh6 14. h3 O-O 15. g4 f5 16. Bd3 g6 17. gxf5 Nxf5 18. Ke2 dxc4 19. Bxc4 Kg7 20. Ne4 Bd7 21. Rhd1 Bc8 22. a4 a5 23. Nd6 Bxd6 24. exd6 Bd7 25. Bc7 e5 26. Rxb7 Nfd4+ 27. Nxd4 Nxd4+ 28. Rxd4 exd4 29. Bb6 Rae8+ 30. Kd3 Rf3+ 31. Kxd4 Rf4+ 32. Kc5 Rc8+ 33. Kd5 Rfxc4 34. Rxd7+ Kf6 35. Bd8+ Kf5 36. Rf7# 1-0


[Site "https://www.chess.com"]

[Event "Titled Tuesday Blitz September 20 Late 2022"]
[White "Abdrlauf, Elham"]
[Black "Romanchuk, Viktor"]
[WhiteFideId "1533533"]
[BlackFideId "14109271"]
[WhiteElo "2409"]
[BlackElo "2242"]
[Result "1-0"]
[Round "02"]
[TimeControl "180+1"]
[Date "2022.09.20"]
[WhiteClock "0:00:01"]
[BlackClock "0:00:06"]

1. e4 e6 2. d4 d5 3. Nd2 dxe4 4. Nxe4 Nd7 5. Nf3 Ngf6 6. Nxf6+ Nxf6 7. Be3 Nd5 8. Bd2 c5 9. Bb5+ Bd7 10. Qe2 cxd4 11. Ne5 Nf6 12. O-O-O a6 13. Nxd7 Nxd7 14. Bc4 Be7 15. Bf4 Qb6 16. Kb1 O-O 17. c3 Bf6 18. g4 Rac8 19. g5 dxc3 20. b3 Be5 21. Be3 Qc7 22. Qc2 b5 23. Bd3 g6 24. h4 Nc5 25. Bxc5 Qxc5 26. h5 Kg7 27. hxg6 hxg6 28. Rh6 Rh8 29. Rdh1 Rxh6 30. gxh6+ Kh7 31. f4 Bf6 32. Be4 Qa3 33. Rd1 Rc7 34. Rh1 Qb2+ 35. Qxb2 cxb2 36. Bc2 b4 37. Bd3 a5 38. Bc2 Rc3 39. Be4 Re3 40. Bc2 Rf3 41. Re1 Rxf4 42. a4 Bc3 43. Rd1 Kxh6 44. Ka2 Kg7 45. Bb1 Rd4 46. Rf1 Rd5 47. Be4 Re5 48. Bc2 f5 49. Rh1 Kf6 50. Bb1 Re1 51. Rh8 Re5 52. Rb8 g5 53. Rf8+ Ke7 54. Rb8 g4 55. Rg8 Kf6 56. Rh8 Kg5 57. Rh1 Kf4 58. Rf1+ Kg5 59. Bd3 f4 60. Rg1 f3 61. Ba6 Kf4 62. Bb7 Re1 63. Rxe1 Bxe1 64. Ba6 Bc3 65. Bd3 1-0


[Site "https://www.chess.com"]

[Event "Titled Tuesday Blitz September 20 Late 2022"]
[White "Babazada, Khazar"]
[Black "McCoy, Owen"]
[WhiteFideId "13413554"]
[BlackFideId "30924502"]
[WhiteElo "2409"]
[BlackElo "2622"]
[Result "0-1"]
[Round "02"]
[TimeControl "180+1"]
[Date "2022.09.20"]
[WhiteClock "0:03:01"]
[BlackClock "0:00:55"]

1. Nf3 d5 2. e3 Nf6 3. c4 e6 4. Nc3 c5 5. b3 d4 6. exd4 cxd4 7. Ne2 Nc6 8. Bb2 e5 9. Ng3 e4 10. Ng5 Qe7 11. Qe2 Nb4 12. O-O-O Nd3+ 13. Kb1 Nxb2 14. Kxb2 d3 15. Qe3 Qe5+ 16. Kb1 Ba3 0-1


[Site "https://www.chess.com"]

[Event "Titled Tuesday Blitz September 20 Late 2022"]
[White "Barria Zuniga, Daniel"]
[Black "Svane, Rasmus"]
[WhiteFideId "3400816"]
[BlackFideId "4657101"]
[WhiteElo "2414"]
[BlackElo "2674"]
[Result "0-1"]
[Round "02"]
[TimeControl "180+1"]
[Date "2022.09.20"]
[WhiteClock "0:00:05"]
[BlackClock "0:00:16"]

1. d4 Nf6 2. c4 e6 3. Nf3 h6 4. g3 d5 5. Bg2 Bd6 6. O-O O-O 7. Nc3 Nc6 8. b3 dxc4 9. bxc4 e5 10. e3 Re8 11. h3 exd4 12. exd4 Bf5 13. c5 Bf8 14. Be3 Ne4 15. Nxe4 Bxe4 16. Qa4 Qd5 17. Nh4 g5 18. Bxe4 Rxe4 19. Nf3 Rd8 20. Rad1 Bg7 21. Nd2 Re7 22. Nb3 h5 23. Qb5 h4 24. gxh4 Qf3 25. Kh2 Re4 26. Rg1 Be5+ 27. dxe5 Rxd1 28. Rxd1 Qxd1 29. Qxb7 Qd5 30. Qc8+ Kg7 31. Bxg5 Nxe5 0-1


[Site "https://www.chess.com"]

[Event "Titled Tuesday Blitz September 20 Late 2022"]
[White "Bayo Milagro, Alvaro"]
[Black "Tari, Aryan"]
[WhiteFideId "22275240"]
[BlackFideId "1510045"]
[WhiteElo "2270"]
[BlackElo "2612"]
[Result "1/2-1/2"]
[Round "02"]
[TimeControl "180+1"]
[Date "2022.09.20"]
[WhiteClock "0:00:29"]
[BlackClock "0:00:08"]

1. e4 c6 2. d4 d5 3. Nc3 dxe4 4. Nxe4 Nf6 5. Nxf6+ exf6 6. c3 Bd6 7. Bd3 O-O 8. Qc2 Re8+ 9. Ne2 h5 10. Be3 Nd7 11. O-O h4 12. Qd2 Nf8 13. Bf4 h3 14. g3 Ne6 15. Bxd6 Qxd6 16. Rae1 Bd7 17. a3 c5 18. d5 Ng5 19. f3 g6 20. c4 Kg7 21. Kf2 Re5 22. Nc3 Rae8 23. f4 Rxe1 24. Rxe1 Rxe1 25. Qxe1 Nh7 26. Ne4 Qb6 27. Qc3 Bf5 28. Kf3 a5 29. Nf2 Bd7 30. g4 g5 31. Bxh7 Kxh7 32. fxg5 fxg5 33. Nxh3 Qh6 34. Nf2 Qxh2 35. Qf6 Be8 36. Qf5+ Kh6 37. Qf6+ Kh7 38. Qf5+ Kh6 39. Qf6+ Kh7 1/2-1/2


[Site "https://www.chess.com"]

[Event "Titled Tuesday Blitz September 20 Late 2022"]
[White "Brodowski, Piotr"]
[Black "Andreikin, Dmitry"]
[WhiteFideId "1124480"]
[BlackFideId "4158814"]
[WhiteElo "2312"]
[BlackElo "2736"]
[Result "0-1"]
[Round "02"]
[TimeControl "180+1"]
[Date "2022.09.20"]
[WhiteClock "0:01:05"]
[BlackClock "0:02:15"]

1. c4 e5 2. Nc3 Nf6 3. Nf3 Nc6 4. e4 g6 5. Be2 Bg7 6. O-O O-O 7. h3 d6 8. d3 Nh5 9. Bg5 Bf6 10. Be3 Nf4 11. Qd2 Ne6 12. Nh2 Bg7 13. Nd5 Ncd4 14. Rae1 c6 15. Nc3 f5 16. exf5 gxf5 17. f4 exf4 18. Bxf4 Nxf4 19. Qxf4 Be5 20. Qf2 Qb6 21. Nf3 Nxf3+ 22. Bxf3 Bd4 0-1


[Site "https://www.chess.com"]

[Event "Titled Tuesday Blitz September 20 Late 2022"]
[White "Czernek, Tymon"]
[Black "Rustemov, Alexander"]
[WhiteFideId "1199510"]
[BlackFideId "4119002"]
[WhiteElo "2007"]
[BlackElo "2843"]
[Result "0-1"]
[Round "02"]
[TimeControl "180+1"]
[Date "2022.09.20"]
[WhiteClock "0:00:59"]
[BlackClock "0:01:37"]

1. e4 e6 2. d4 d5 3. Nc3 dxe4 4. Nxe4 Bd7 5. Nf3 Bc6 6. Bd3 Nd7 7. O-O Ngf6 8. Nxf6+ Qxf6 9. c3 Bxf3 10. Qxf3 Qxf3 11. gxf3 Be7 12. Bf4 c6 13. Rfe1 Nf6 14. Rad1 Rd8 15. a3 O-O 16. Bc2 Nd5 17. Bg3 Bd6 18. Bxd6 Rxd6 19. Kg2 Rfd8 20. Kg3 g6 21. f4 Kg7 22. h4 h5 23. Re5 Kf6 24. Kf3 b6 25. Bb3 Ne7 26. Rh1 c5 27. dxc5 Rd2 28. cxb6 Rxb2 29. Bc4 Rxb6 30. Rhe1 Rc8 31. R1e4 Rbc6 32. Be2 Rxc3+ 33. Re3 Nf5 34. Rxc3 Rxc3+ 35. Kg2 Nxh4+ 36. Kg1 Rxa3 0-1


[Site "https://www.chess.com"]

[Event "Titled Tuesday Blitz September 20 Late 2022"]
[White "Djokic, Mihailo"]
[Black "Bok, Benjamin"]
[WhiteFideId "976440"]
[BlackFideId "1017063"]
[WhiteElo "2315"]
[BlackElo "2658"]
[Result "0-1"]
[Round "02"]
[TimeControl "180+1"]
[Date "2022.09.20"]
[WhiteClock "0:00:34"]
[BlackClock "0:00:41"]

1. e4 c5 2. Nf3 d6 3. d4 cxd4 4. Nxd4 Nf6 5. Nc3 a6 6. Rg1 b5 7. g4 Bb7 8. f3 g6 9. g5 Nfd7 10. Be3 Bg7 11. Qd2 Nb6 12. a4 bxa4 13. Nxa4 Nxa4 14. Rxa4 Nd7 15. Rb4 Rb8 16. c3 O-O 17. Be2 a5 18. Ra4 Ba8 19. Kf2 Nc5 20. Ra3 a4 21. Qc2 d5 22. Rd1 Qc7 23. Kg1 dxe4 24. f4 Nd3 25. Bxd3 exd3 26. Qxd3 Rxb2 27. Rd2 Qb7 28. Rxb2 Qxb2 29. Nc2 Qb7 30. Kf1 Qg2+ 31. Ke1 Be4 0-1


[Site "https://www.chess.com"]